 Dungeon Crawl Stone Soup version 0.32-a0-543-gefe97123c3 (webtiles) character file.

Game seed: 13266784981963263532

350 Conn the Sneak (level 6, -2/36 HPs)
             Began as an Octopode Fire Elementalist on Feb 29, 2024.
             Killed from afar by Pikel (6 damage)
             ... with a puff of flame
             ... on level 3 of the Dungeon.
             The game lasted 00:07:52 (3309 turns).

Conn the Sneak (Octopode Fire Elementalist)         Turns: 3309, Time: 00:07:52

Health: -2/36      AC:  1    Str:  7    XL:     6   Next: 61%
Magic:  0/11       EV: 14    Int: 19    God:
Gold:   188        SH:  0    Dex: 13    Spells: 2/12 levels left

rFire   . . .        l - +2 dagger (flame)
rCold   . . .        (no shield)
rNeg    . . .        (helmet restricted)
rPois   .            (no amulet)
rElec   .            (no ring)
rCorr   .            (no ring)
SInv    .            (no ring)
Will    .....        (no ring)
Stlth   ++++         (no ring)
HPRegen 0.26/turn    (no ring)
MPRegen 0.12/turn    (no ring)
                     (no ring)

%: no passive effects
@: very slightly contaminated
A: almost no armour, amphibious, 8 rings, camouflage 1, gelatinous body 1,
(nimble swimmer 1), tentacles
a: no special abilities


You were on level 3 of the Dungeon.
You visited 1 branch of the dungeon, and saw 4 of its levels.

You collected 188 gold pieces.

Inventory:

Hand Weapons
 l - a +2 dagger of flaming (weapon)
Magical Staves
 h - a staff of earth
Scrolls
 b - a scroll of amnesia
 f - a scroll of noise {unknown}
 g - 3 scrolls of teleportation
 i - a scroll of enchant armour
 m - a scroll of blinking {unknown}
Potions
 c - a potion of resistance
 d - a potion of degeneration {unknown}
 e - 2 potions of curing {unknown}
 j - a potion of heal wounds
 k - a potion of ambrosia {unknown}
 n - a potion of attraction {unknown}


   Skills:
 + Level 3.1 Dodging
 + Level 4.4 Stealth
 * Level 3.5 Spellcasting
 * Level 3.4 Conjurations
 + Level 3.8 Fire Magic
 - Level 0.4 Evocations


You had 2 spell levels left.
You knew the following spells:

 Your Spells              Type           Power      Damage    Failure   Level
a - Foxfire               Conj/Fire      68%        2x1d7     3%          1
b - Scorch                Fire           36%        2d6       4%          2
c - Inner Flame           Hex/Fire       10%        N/A       19%         3
d - Flame Wave            Conj/Fire      17%        2d7       32%         4

Your spell library contained the following spells:

 Spells                   Type           Power      Damage    Failure   Level
 Sting                    Conj/Alch      36%        1d5       7%          1
 Necrotise                Necr           12%        1d4       14%         1
 Ensorcelled Hibernation  Hex/Ice        6%         N/A       22%         2
 Mercury Vapours          Alch/Air       6%         N/A       22%         2
 Volatile Blastmotes      Fire/Tloc      20%        2d11      19%         3
 Fugue of the Fallen      Necr           3%         N/A       41%         3
 Vampiric Draining        Necr           3%         2d6       41%         3
 Anguish                  Hex/Necr       1%         N/A       82%         4
 Martyr's Knell           Necr/Summ      3%         N/A       82%         4
 Olgreb's Toxic Radiance  Alch           3%         N/A       82%         4
 Curse of Agony           Necr           3%         N/A       99%         5


Dungeon Overview and Level Annotations

Branches:
Dungeon (4/15)
 Temple: D:4-7

Altars:
Ashenzari
Vehumet
Xom
The Shining One

Shops:
D:3 :

Annotations:
D:3 Pikel
D:4 2 transporters, GordonOverkill's ghost, weakling CoDe; Menkaure


Innate Abilities, Weirdness & Mutations

You cannot wear most types of armour.
You are amphibious.
You can wear up to eight rings at the same time.
Your skin changes colour to match your surroundings (Stealth+).
Your rubbery body absorbs attacks. (AC +1, EV +1)
((You are camouflaged when in or above water. (Stealth+)))
You have tentacles for arms and can constrict up to eight enemies at once.


Message History

You are electrocuted!
* * * LOW HITPOINT WARNING * * *
Unknown command.
Unknown command.
Casting: Inner Flame (quite dangerous; 19% risk of failure)
Confirm with . or Enter, or press ? or * to list all spells.
Okay, then.
Unknown command.
Okay, then.
You feel much better.
Pikel hits you with a +0 whip of electrocution.
Casting: Inner Flame (quite dangerous; 19% risk of failure)
Confirm with . or Enter, or press ? or * to list all spells.
Aiming: Inner Flame (quite dangerous; 19% risk of failure)
Press: ? - help, Dir - move target, f/p - Pikel
Aim: Pikel, wielding a +0 whip of electrocution, wearing a +0 robe and carrying a wand of flame (lightly wounded, chance to affect: 60%) Pikel is filled with an inner flame.
Pikel hits you with a +0 whip of electrocution!
Casting: Inner Flame (quite dangerous; 19% risk of failure)
Confirm with . or Enter, or press ? or * to list all spells.
You conjure some foxfire!
Pikel hits you with a +0 whip of electrocution.
* * * LOW HITPOINT WARNING * * *
The foxfire hits Pikel but does no damage.
Pikel is lightly wounded.
The foxfire hits Pikel but does no damage.
Pikel is lightly wounded.
Pikel cracks his whip.
Pikel zaps a wand.
The puff of flame hits you!
* * * LOW HITPOINT WARNING * * *
Casting: Foxfire (safe; 3% risk of failure)
Confirm with . or Enter, or press ? or * to list all spells.
Flames lash Pikel.
Flame seeps out of Pikel.
Pikel is moderately wounded.
Pikel's fire resistance burns away.
Pikel is engulfed in blazing flames.
Flame seeps out of Pikel.
Unknown command.
Pikel zaps a wand.
The puff of flame hits you.
You die...
Pikel says, "Another soul for the market."

..# ##....)........#...... ..#
###.............##### ..#
#..........#### ## ..#
###...#.#.## ####. ♣♣♣♣
##..##...# ##.... ♣..♣#####
####...##..#####>....
...♣....#####..................##
._.♣###...#...###.#.###...#######
...♣###.........@...)........(...
♣..♣....####....#..####...#######
♣♣♣♣.........##K#..####..##
#....##########○.........## ###
##...# #...........#####.. ##.##
###............##..# #..####
#.........<.#....... ####.†..##
#...........#.###### #........#
##.............#.....


You could see Pikel (inner flame, combustible).

Vanquished Creatures
  Sigmund (D:3)
  A black bear (D:4)
  3 lemures (D:4)
  An iguana (D:4)
  2 adders (D:3)
  5 dart slugs
  2 ribbon worms
  An orc (D:3)
  6 bats
  3 endoplasms
  2 giant cockroaches
  5 goblins
  4 hobgoblins
  3 quokkas
  4 ball pythons
  3 frilled lizards
  2 kobolds (D:2)
  2 rats (D:1)
50 creatures vanquished.

Vanquished Creatures (others)
  185 foxfires
185 creatures vanquished.

Grand Total: 235 creatures vanquished

Notes
Turn   | Place    | Note
-------+----------+-------------------------------------------
     0 | D:1      | Conn the Octopode Fire Elementalist began the quest for the
                  | Orb.
     0 | D:1      | Reached XP level 1. HP: 11/11 MP: 3/3
   151 | D:1      | Reached XP level 2. HP: 17/17 MP: 0/5
   171 | D:1      | Reached skill level 3 in Stealth
   227 | D:1      | Found a faded altar of an unknown god.
   710 | D:1      | Learned a level 2 spell: Scorch
  1354 | D:2      | Reached XP level 3. HP: 15/21 MP: 1/6
  2194 | D:3      | Found Cocwaunufi's Vocational Training.
  2248 | D:3      | Found a broken altar of Ashenzari.
  2360 | D:3      | Noticed Sigmund
  2366 | D:3      | Killed Sigmund
  2367 | D:3      | Reached skill level 4 in Stealth
  2367 | D:3      | Reached XP level 4. HP: 27/27 MP: 0/8
  2367 | D:3      | Reached XP level 5. HP: 31/31 MP: 0/9
  2367 | D:3      | Found a glowing golden altar of the Shining One.
  2678 | D:3      | Found a shimmering altar of Xom.
  3013 | D:3      | Reached XP level 6. HP: 36/36 MP: 10/10
  3018 | D:3      | Learned a level 3 spell: Inner Flame
  3023 | D:3      | Learned a level 4 spell: Flame Wave
  3025 | D:3      | Found a radiant altar of Vehumet.
  3096 | D:4      | Noticed Menkaure
  3096 | D:4      | Noticed a black bear
  3111 | D:4      | Found a transporter.
  3112 | D:4      | Noticed GordonOverkill's ghost (weakling CoDe)
  3117 | D:4      | Found a transporter.
  3124 | D:4      | Killed a black bear
  3185 | D:4      | Noticed Pikel
  3309 | D:3      | Killed from afar by Pikel

Illustrated notes

Levels and vault maps discovered:
D:1:      dpeg_arrival_boxes_within_box, layout_basic,
          ebering_ecumenical_altar_box
D:2:      cheibrodos_old_hovel, layout_basic
D:3:      layout_rooms, mainiacjoe_overflow_alcove_1, xom_redecorated,
          lemuel_tele_altar, amcnicky_altar_gilded, nicolae_shop_vocational,
          uniq_sigmund
D:4:      layout_rooms, cheibrodos_sewer_entry_drain, gammafunk_ghost_smash,
          roderic_lattice_a, uniq_pikel, uniq_menkaure, uniq_ijyb

Skill      XL: |  1  2  3  4  5  6 |
---------------+-------------------+-----
Stealth        | 3 4 |  4.4
Conjurations   | 2 3 |  3.4
Spellcasting   | 3 |  3.5
Dodging        | 3 |  3.1
Fire Magic     | |  3.8
Evocations     | |  0.4

Action                     |  1- 3 |  4- 6 || total
---------------------------+-------+-------++-------
  Melee: Unarmed           |     4 |       ||     4
         Constrict         |     2 |     2 ||     4
         Tentacles         |     2 |       ||     2
         Staff             |     1 |       ||     1
         Dagger            |       |     6 ||     6
   Cast: Foxfire           |    80 |    31 ||   111
         Scorch            |     2 |     3 ||     5
         Inner Flame       |       |     6 ||     6
    Use: Scroll            |     4 |       ||     4
         Potion            |       |     3 ||     3
   Stab: Sleeping          |       |     2 ||     2
 Armour: Skin              |    11 |    16 ||    27
  Dodge: Dodged            |    11 |    11 ||    22

Table legend: (Time is in decaauts)
 A = Elapsed time spent in this place.
 B = Non-inter-level travel time spent in this place.
 C = Inter-level travel time spent in this place.
 D = Time resting spent in this place.
 E = Time spent auto-exploring this place.
 F = Levels seen in this place.
 G = Mean time per level.
                   A        B        C        D        E       F      G
               +--------+--------+--------+--------+--------+-----+--------+
         Total |   3309 |   3189 |    120 |     96 |   2348 |   4 |  827.2 |
       Dungeon |   3309 |   3189 |    120 |     96 |   2348 |   4 |  827.2 |
               +--------+--------+--------+--------+--------+-----+--------+

Top non-repeatable levels by time:
     D:2: 1111 daAuts
     D:1: 1072 daAuts
     D:3: 951 daAuts
     D:4: 173 daAuts
